 Dungeon Crawl Stone Soup version 0.31-a0-640-g39d97e502b (webtiles) character file.

Game seed: 14627908057295107808

514 MacCMillion the Digger (level 7, -5/36 HPs)
             Began as a Deep Elf Earth Elementalist on Aug 28, 2023.
             Was an Initiate of Vehumet.
             Killed from afar by Edmund (9 damage)
             ... with a puff of flame
             ... on level 6 of the Dungeon.
             The game lasted 00:04:51 (4613 turns).

MacCMillion the Digger (DEEE)                       Turns: 4613, Time: 00:04:52

Health: -5/36      AC:  5    Str:  5    XL:     7   Next: 0%
Magic:  1/16       EV: 17    Int: 22    God:    Vehumet [......]
Gold:   290        SH:  0    Dex: 15    Spells: 12/16 levels left

rFire   . . .        s - +5 dagger of a wizard's laboratory {vamp, rC+ rCorr}
rCold   + . .        (no shield)
rNeg    . . .        a - +0 robe
rPois   .            x - +0 helmet
rElec   .            (no cloak)
rCorr   +            v - +0 pair of gloves
SInv    .            A - +0 pair of boots
Will    .....        (no amulet)
Stlth   +++          j - +5 ring of evasion
HPRegen 0.26/turn    (no ring)
MPRegen 0.15/turn

%: no passive effects
@: no status effects
A: no striking features
a: Renounce Religion


You were on level 6 of the Dungeon.
You worshipped Vehumet.
Vehumet was noncommittal.
You visited 1 branch of the dungeon, and saw 6 of its levels.

You collected 290 gold pieces.

Inventory:

Hand Weapons
 i - a +1 dagger of venom
 s - the +5 dagger of a wizard's laboratory (weapon) {vamp, rC+ rCorr}
   (You found it on level 4 of the Dungeon)

   rC+:       It protects you from cold.
   rCorr:     It protects you from acid and corrosion.
Armour
 a - a +0 robe (worn)
 v - a +0 pair of gloves (worn)
 x - a +0 helmet (worn)
 A - a +0 pair of boots (worn)
Magical Staves
 o - a staff of fire
Jewellery
 j - a +5 ring of evasion (left hand)
 t - a ring of fire
Wands
 u - a wand of roots (13)
Scrolls
 c - 9 scrolls of identify {unknown}
 d - 2 scrolls of teleportation {unknown}
 h - a scroll of brand weapon {unknown}
 k - a scroll of enchant weapon {unknown}
 p - a scroll of amnesia {unknown}
 r - a scroll of vulnerability {unknown}
 w - a scroll of blinking {unknown}
 y - a scroll of fear {unknown}
 z - a scroll of torment {unknown}
Potions
 b - a potion of magic
 e - 3 potions of attraction {unknown}
 f - 3 potions of curing {unknown}
 g - 3 potions of invisibility {unknown}
 l - 3 potions of degeneration {unknown}
 m - a potion of heal wounds {unknown}
 n - 2 potions of resistance {unknown}
 q - a potion of mutation {unknown}


   Skills:
 - Level 2.4 Dodging
 - Level 4.0 Stealth
 - Level 5.0 Spellcasting
 + Level 3.8 Conjurations
 - Level 1.1 Transmutations
 + Level 6.3 Earth Magic


You had 12 spell levels left.
You knew the following spells:

 Your Spells              Type           Power      Damage    Failure   Level
a - Sandblast             Erth           66%        2d15      1%          1
b - Stone Arrow           Conj/Erth      56%        3d10      3%          3

Your spell library contained the following spells:

 Spells                   Type           Power      Damage    Failure   Level
 Passwall                 Tmut/Erth      17%        N/A       3%          2
 Shock                    Conj/Air       52%        1d6       4%          1
 Petrify                  Tmut/Erth      21%        N/A       22%         4
 Leda's Liquefaction      Hex/Erth       9%         N/A       26%         4
 Call Canine Familiar     Summ           5%         N/A       30%         3
 Portal Projectile        Hex/Tloc       10%        N/A       30%         3
 Swiftness                Air            5%         N/A       30%         3
 Airstrike                Air            2%         2d(1-17)  69%         4


Dungeon Overview and Level Annotations

Branches:
Dungeon (6/15)             Temple (0/1) D:4

Altars:
Vehumet
Xom

Shops:
D:6 (

Annotations:
D:2 Sigmund
D:5 exclusion: ice beast
D:6 Edmund


Message History

Casting: Stone Arrow (dangerous; 3% risk of failure)
Confirm with . or Enter, or press ? or * to list all spells.
Aiming: Stone Arrow (dangerous; 3% risk of failure)
Press: ? - help, Shift-Dir - straight line, f/p - Edmund
Aim: Edmund, wielding a +1 flail of protection, wearing a +0 ring mail and carrying a wand of flame (severely wounded, 75% to hit)
The stone arrow hits Edmund.
Edmund is almost dead.
Edmund barely misses you.
Unknown command.
Casting: Stone Arrow (dangerous; 3% risk of failure)
Confirm with . or Enter, or press ? or * to list all spells.
Aiming: Stone Arrow (dangerous; 3% risk of failure)
Press: ? - help, Shift-Dir - straight line, f/p - Edmund
Aim: Edmund, wielding a +1 flail of protection, wearing a +0 ring mail and carrying a wand of flame (almost dead, 75% to hit)
The stone arrow misses Edmund.
Edmund hits you with a +1 flail of protection!
Unknown command.
Casting: Stone Arrow (dangerous; 3% risk of failure)
Confirm with . or Enter, or press ? or * to list all spells.
You don't have enough magic to cast this spell.
Unknown command.
The blast of sand hits Edmund.
Edmund is almost dead.
Edmund hits you with a +1 flail of protection!
Edmund zaps a wand.
The puff of flame hits you!
* * * LOW HITPOINT WARNING * * *
You are too injured to fight recklessly!
Unknown command.
Aiming: Sandblast (safe; 1% risk of failure)
Press: ? - help, Q - select action, (/) - cycle Shift-Dir - straight line, f/p - Edmund
Aim: Edmund, wielding a +1 flail of protection, wearing a +0 ring mail and carrying a wand of flame (almost dead, 86% to hit)
The blast of sand misses Edmund.
Edmund hits you with a +1 flail of protection!
* * * LOW HITPOINT WARNING * * *
Unknown command.
You closely miss Edmund.
Edmund is almost dead.
Edmund zaps a wand.
The puff of flame hits you!
You die...
Edmund whines, "They better pay attention to me now!"

#...## #.####.# #.#
#....###.# ##.#####.##
#.###..#.## #....##..##
#.# ##...# ##.##.......
#.. ##..# #.##..###.##
## #..##......# #.# #
#.........## #.#
#...####..#...##..###.#
#...@.####..##..##.##
#..@..# ##..#...#...
#.....# #......##.
#......# ####.....###.
#........ #......[## #.
#..............###.#####
#......###...# #......#
##.#..# #. #..#.....
......###....


You could see Edmund.

Vanquished Creatures
  A sky beast (D:4)
  A phantom (D:4)
  6 hounds
  2 iguanas
  5 adders
  A worm (D:3)
  8 orcs
  4 ball pythons
  4 endoplasms
  A giant cockroach (D:3)
  4 goblins
  6 hobgoblins
  4 jackals
  4 quokkas
  5 bats
  5 frilled lizards
  A kobold (D:2)
  5 rats
67 creatures vanquished.

Notes
Turn   | Place    | Note
-------+----------+-------------------------------------------
     0 | D:1      | MacCMillion the Deep Elf Earth Elementalist began the quest
                  | for the Orb.
     0 | D:1      | Reached XP level 1. HP: 10/10 MP: 6/6
   545 | D:1      | Reached XP level 2. HP: 15/15 MP: 6/8
  1175 | D:2      | Noticed Sigmund
  1430 | D:2      | Reached XP level 3. HP: 12/19 MP: 6/10
  1589 | D:2      | Found a shimmering altar of Xom.
  1911 | D:3      | Reached skill level 4 in Earth Magic
  1994 | D:3      | Reached XP level 4. HP: 24/24 MP: 10/12
  2058 | D:3      | Found a radiant altar of Vehumet.
  2068 | D:3      | Became a worshipper of Vehumet
  2334 | D:4      | Noticed a phantom
  2341 | D:4      | Killed a phantom
  2342 | D:4      | Reached skill level 5 in Spellcasting
  2342 | D:4      | Reached XP level 5. HP: 19/28 MP: 8/14
  2346 | D:4      | Learned a level 3 spell: Stone Arrow
  2775 | D:4      | Found a staircase to the Ecumenical Temple.
  2974 | D:4      | Reached skill level 1 in Conjurations
  2974 | D:4      | Reached skill level 5 in Earth Magic
  3171 | D:4      | Noticed a sky beast
  3174 | D:4      | Killed a sky beast
  3175 | D:4      | Reached XP level 6. HP: 32/32 MP: 12/15
  3407 | D:4      | Identified the +5 dagger of a wizard's laboratory {vamp,
                  | rC+ rCorr}
  3441 | D:5      | Entered Level 5 of the Dungeon
  3505 | D:5      | Noticed an ice beast
  3965 | D:5      | Reached skill level 6 in Earth Magic
  4373 | D:6      | Noticed a wraith
  4414 | D:6      | Found Vakodo's Weapon Emporium.
  4414 | D:6      | Noticed a +0 triple sword
  4414 | D:6      | Noticed a +3 demon trident
  4532 | D:6      | Reached XP level 7. HP: 36/36 MP: 14/16
  4601 | D:6      | Noticed Edmund
  4613 | D:6      | Killed from afar by Edmund

Illustrated notes

Levels and vault maps discovered:
D:1:      psy_arrival_terrarium, layout_loops_ring
D:2:      layout_basic, basic_altar, kennysheep_generic_room_4, uniq_sigmund
D:3:      layout_rooms, vehumet_crystals
D:4:      layout_gridville, minmay_temple_entry_wispy
D:5:      layout_loops_ring
D:6:      layout_layer_cave, mainiacjoe_overflow_small_starburst, zin_purify,
          serial_shops, nicolae_shop_mannequins, uniq_edmund

Skill      XL: |  1  2  3  4  5  6 |
---------------+-------------------+-----
Stealth        | 3 4 |  4.0
Spellcasting   | 4 5 |  5.0
Earth Magic    | 4 5 6 |  6.3
Conjurations   | 2 3 |  3.8
Dodging        | |  2.4
Transmutations | |  1.1

Action                     |  1- 3 |  4- 6 |  7- 9 || total
---------------------------+-------+-------+-------++-------
  Melee: Dagger            |       |       |     1 ||     1
   Cast: Sandblast         |    46 |    51 |     5 ||   102
         Stone Arrow       |       |       |     4 ||     4
 Armour: Robe              |       |     4 |       ||     4
  Dodge: Dodged            |     9 |    26 |     2 ||    37

Table legend: (Time is in decaauts)
 A = Elapsed time spent in this place.
 B = Non-inter-level travel time spent in this place.
 C = Inter-level travel time spent in this place.
 D = Time resting spent in this place.
 E = Time spent auto-exploring this place.
 F = Levels seen in this place.
 G = Mean time per level.
                   A        B        C        D        E       F      G
               +--------+--------+--------+--------+--------+-----+--------+
         Total |   4661 |   4481 |    180 |    846 |   3101 |   6 |  776.8 |
       Dungeon |   4661 |   4481 |    180 |    846 |   3101 |   6 |  776.8 |
               +--------+--------+--------+--------+--------+-----+--------+

Top non-repeatable levels by time:
     D:4: 1131 daAuts
     D:1: 1010 daAuts
     D:5: 965 daAuts
     D:2: 677 daAuts
     D:3: 658 daAuts
     D:6: 217 daAuts
